 Dungeon Crawl Stone Soup version 0.28.0-43-g3370ac3207 (webtiles) character file.

Game seed: 13130419532884211833

55 sizableburger the Chucker (level 3, -1/28 HPs)
             Began as a Mummy Hunter on Mar 15, 2022.
             Slain by Natasha (5 damage)
             ... on level 1 of the Dungeon.
             The game lasted 00:03:29 (1938 turns).

sizableburger the Chucker (Mummy Hunter)            Turns: 1938, Time: 00:03:30

Health: -1/28      AC:  8    Str: 17    XL:     3   Next: 67%
Magic:  3/3        EV:  9    Int: 10    God:
Gold:   44         SH:  0    Dex: 12    Spells: 2/2 levels left

rFire   . . .      SeeInvis .   e - +0 short sword (vamp)
rCold   + . .      Faith    .   (no shield)
rNeg    + + +      Spirit   .   i - +2 scale mail {rF+}
rPois   ∞          Reflect  .   (no helmet)
rElec   .          Harm     .   (no cloak)
rCorr   .          Rampage  .   (no gloves)
Will    .....                   (no boots)
Stlth   ..........              (no amulet)
HPRegen 0.09/turn               (no ring)
MPRegen 0.08/turn               (no ring)

@: no status effects
A: cold resistance 1, negative energy resistance 3, torment resistance 2, heat
vulnerability 1, no potions
a: no special abilities


You were on level 1 of the Dungeon.
You visited 1 branch of the dungeon, and saw 2 of its levels.

You collected 44 gold pieces.

Inventory:

Hand Weapons
 e - a +0 vampiric short sword (weapon)
Armour
 i - a +2 scale mail of fire resistance (worn)
Scrolls
 a - 3 scrolls of identify
 f - 2 scrolls of noise


   Skills:
 + Level 2.8 Fighting
 + Level 1.4 Short Blades
 + Level 3.7 Throwing
 - Level 1.5 Dodging
 - Level 0.7 Stealth


You had 2 spell levels left.
You didn't know any spells.
Your spell library was empty.

Dungeon Overview and Level Annotations

Branches:
Dungeon (2/15)

Altars:

Annotations:
D:1 Natasha
D:2 Robin


Innate Abilities, Weirdness & Mutations

You are immune to poison.
Your flesh is cold resistant. (rC+)
You are immune to negative energy. (rN+++)
You are immune to unholy pain and torment.
You are vulnerable to heat. (rF-)
You do not drink.


Message History

Natasha claws you but does no damage.
You climb upwards.
There is a stone staircase leading down here.
You closely miss Natasha. Natasha claws you!
You are too injured to fight recklessly!
You are too injured to fight recklessly!
You are too injured to fight recklessly!
You closely miss Natasha. Natasha casts a spell at you.
The magic dart hits you.
You hit Natasha.
Natasha is moderately wounded.
Natasha barely misses you.
You hit Natasha.
Natasha is severely wounded.
Natasha claws you.
* * * LOW HITPOINT WARNING * * *
As you read the scroll labelled VETE WUCITOWN, it crumbles to dust.
You assume a fearsome visage.
Natasha looks frightened!
It was a scroll of fear.
As you read the scroll labelled ELYPNYABOM, it crumbles to dust.
You speak a Word of immense power!
You are blasted by holy energy!
* * * LOW HITPOINT WARNING * * *
It was a scroll of holy word.
Natasha hisses angrily.
Natasha casts a spell at you. The magic dart hits you.
* * * LOW HITPOINT WARNING * * *
Okay, then.
You can't drink.
Okay, then.
You start resting.
Natasha is nearby!
You hit Natasha but do no damage.
Natasha is heavily wounded.
Natasha claws you but does no damage.
You barely miss Natasha.
Natasha is heavily wounded.
Natasha claws you.
You die...

#.###.####.######.....>......#
#...#....#........###........####
################### #..####......
####.....# #.# #..# ##.###.
#.......## #.# #..#####.# #.
....##.## #.# #.....##.# #.
##..##.# #.# #.###.##.###.
.#..##.# #.####.###........
##..##.# #@h.##..>.....##..
...###.# ###.###h##.#####.. ...#
#.# #.# #.##.# ##.. .#.###.# #h#
#.##.# #... .......# #.# #.##.#
#... ########### #.###.##.# #...
###......# #.....##.#####..
#..⌠.⌠##.# ###.............
#.....##.# #...##.#######


You could see Natasha.

Vanquished Creatures
  Natasha (D:2)
  An adder (D:2)
  4 ball pythons
  5 bats
  2 endoplasms (D:1)
  2 goblins (D:1)
  A hobgoblin (D:1)
  2 quokkas (D:1)
  3 kobolds (D:1)
  A rat (D:1)
22 creatures vanquished.

Notes
Turn   | Place    | Note
-------+----------+-------------------------------------------
     0 | D:1      | sizableburger the Mummy Hunter began the quest for the Orb.
     0 | D:1      | Reached XP level 1. HP: 16/16 MP: 1/1
    59 | D:1      | Reached XP level 2. HP: 5/22 MP: 2/2
  1381 | D:1      | Found a faded altar of an unknown god.
  1495 | D:2      | Noticed Natasha
  1498 | D:2      | Noticed a crimson imp
  1500 | D:2      | Killed Natasha
  1501 | D:2      | Reached skill level 1 in Short Blades
  1501 | D:2      | Reached XP level 3. HP: 28/28 MP: 3/3
  1582 | D:2      | Noticed Natasha
  1601 | D:2      | Identified a scroll of acquirement
  1601 | D:2      | Acquired the +0 pair of boots of Zucezut {rF+ Will+ Str+6
                  | Int-2}
  1874 | D:2      | Noticed Robin
  1938 | D:1      | Slain by Natasha

Illustrated notes

Levels and vault maps discovered:
D:1:      psy_arrival_radial02, layout_loops_ring,
          hellmonk_ecumenical_altar_run_dry, minmay_vboxes
D:2:      layout_basic, hangedman_decor_riveting, uniq_natasha, uniq_robin

Skill      XL: |  1  2 |
---------------+-------+-----
Short Blades   | 1 |  1.4
Fighting       | |  2.8
Throwing       | |  3.7
Dodging        | |  1.5
Stealth        | |  0.7

Action                   || total
-------------------------++-------
Melee: Short sword       ||   102
       Punch             ||     2
Throw: Javelin           ||    15
       Throwing net      ||     2
  Use: Scroll            ||     6
Armor: Leather armour    ||    13
       Scale mail        ||    41
Dodge: Dodged            ||    74
